 Dungeon Crawl Stone Soup version 0.29.1-2-gbd0b4ee654 (webtiles) character file.

Game seed: 5070742773522491684

689 Earthwalker the Shield-Bearer (level 7, -3/70 HPs)
             Began as a Troll Fighter on Oct 27, 2022.
             Slain by a kobold brigand
             ... wielding a +0 dagger
              (5 damage)
             ... on level 7 of the Dungeon.
             The game lasted 00:04:48 (2626 turns).

Earthwalker the Shield-Bearer (Troll Fighter)       Turns: 2626, Time: 00:04:49

Health: -3/70      AC:  4    Str: 27    XL:     7   Next: 36%
Magic:  6/6        EV:  9    Int:  4    God:
Gold:   199        SH:  8    Dex:  9    Spells: 6/6 levels left

rFire   . . .      SeeInvis .     - Unarmed
rCold   . . .      Faith    .   b - +0 kite shield
rNeg    . . .      Spirit   .   a - +0 robe
rPois   .          Reflect  .   (helmet restricted)
rElec   .          Harm     .   (no cloak)
rCorr   .          Rampage  .   (gloves unavailable)
Will    .....                   (boots unavailable)
Stlth   +.........              (no amulet)
HPRegen 1.01/turn               (no ring)
MPRegen 0.10/turn               (no ring)

@: no status effects
A: large, unfitting armour, claws 3, regeneration 1, shaggy fur 1, tough skin 1
a: no special abilities


You were on level 7 of the Dungeon.
You visited 1 branch of the dungeon, and saw 7 of its levels.

You collected 199 gold pieces.

Inventory:

Armour
 a - a +0 robe (worn)
 b - a +0 kite shield (worn)
Jewellery
 d - a ring of magical power
 t - a ring of protection from cold
Wands
 w - a wand of paralysis (20)
 x - a wand of flame (9)
Scrolls
 g - a scroll of blinking {unknown}
 h - a scroll of torment {unknown}
 l - a scroll of vulnerability {unknown}
 p - a scroll of summoning {unknown}
 r - a scroll of teleportation {unknown}
 s - a scroll of identify {unknown}
 y - a scroll of immolation {unknown}
Potions
 c - a potion of might
 e - a potion of haste {unknown}
 f - a potion of heal wounds {unknown}
 i - a potion of mutation {unknown}
 j - 2 potions of flight {unknown}
 k - a potion of curing {unknown}
 m - a potion of attraction {unknown}
 n - a potion of brilliance {unknown}
 o - 2 potions of berserk rage {unknown}
 q - a potion of ambrosia {unknown}
 u - a potion of resistance {unknown}
 v - a potion of magic {unknown}


   Skills:
 + Level 4.1 Fighting
 + Level 4.1 Dodging
 + Level 4.5 Shields
 + Level 4.4 Unarmed Combat


You had 6 spell levels left.
You didn't know any spells.
Your spell library contained the following spells:

 Spells                   Type           Power      Damage    Failure   Level
 Magic Dart               Conj           0%         1d3       78%         1
 Slow                     Hex            0%         N/A       78%         1
 Call Imp                 Summ           0%         N/A       89%         2
 Poisonous Vapours        Pois/Air       0%         N/A       89%         2
 Confusing Touch          Hex            0%         N/A       98%         3
 Mephitic Cloud           Conj/Pois/Air  0%         N/A       98%         3
 Vampiric Draining        Necr           0%         2d6       98%         3
 Corpse Rot               Necr/Pois/Air  0%         N/A       100%        4


Dungeon Overview and Level Annotations

Branches:
Dungeon (7/15)
 Temple: D:4-7

Altars:
Nemelex Xobeh

Shops:
D:6 :=

Annotations:
D:4 1 runed translucent door


Innate Abilities, Weirdness & Mutations

You are too large for most types of armour.
You have claws for hands.
Your natural rate of healing is unusually fast.
You are covered in fur. (AC +1)
You have tough skin. (AC +1)


Message History

The kobold hits you with a +0 short sword.
The kobold brigand closely misses you.
You miss the kobold. The kobold hits you with a +0 whip.
The kobold hits you but does no damage.
The kobold hits you with a +0 short sword.
The kobold hits you with a +0 club. The kobold hits you but does no damage.
The kobold brigand closely misses you.
You closely miss the kobold. You block the kobold's attack.
The kobold closely misses you. The kobold hits you with a +0 whip.
* * * LOW HITPOINT WARNING * * *
You block the kobold's attack. The kobold barely misses you.
The kobold brigand barely misses you. The kobold hits you but does no damage.
You block the kobold's attack. The kobold barely misses you. x2
The kobold brigand hits you with a +0 dagger!
* * * LOW HITPOINT WARNING * * *
The kobold barely misses you. The kobold closely misses you.
The kobold hits you with a +0 club.
* * * LOW HITPOINT WARNING * * *
You scratch the kobold.
The kobold is severely wounded.
The kobold hits you but does no damage. You block the kobold's attack. x2
The kobold hits you but does no damage. You block the kobold's attack.
The kobold hits you but does no damage.
The kobold brigand hits you with a +0 dagger!
* * * LOW HITPOINT WARNING * * *
You closely miss the kobold. You block the kobold's attack.
The kobold hits you but does no damage.
The kobold hits you with a +0 short sword.
* * * LOW HITPOINT WARNING * * *
The kobold hits you but does no damage. The kobold closely misses you.
The kobold barely misses you.
The kobold brigand hits you but does no damage.
You closely miss the kobold.
The kobold is severely wounded.
You block the kobold's attack.
The kobold hits you but does no damage. x2
The kobold closely misses you. The kobold hits you with a +0 club.
* * * LOW HITPOINT WARNING * * *
The kobold barely misses you.
The kobold brigand hits you with a +0 dagger.
You die...

### ####### #.#
##.##..### #(#
.....####.## #.######.
#..### #..## #........
#..##### #..# #........
.......###..####KK......
.............##K@K......
...............KKK......
#..###..................
##..#####....##.........
#..# ##..###.........
#..# ##..# ##..?.....
#..# #...# #......##
#..## #..## #...####
##...####..# #..>##


You could see a kobold brigand and 6 kobolds.

Vanquished Creatures
  3 ice beasts
  An ogre (D:3)
  An orc priest (D:7)
  2 jellies
  3 iguanas (D:6)
  A gnoll (D:1)
  7 adders
  An ufetubus (D:4)
  A worm (D:5)
  8 orcs
  7 endoplasms
  6 goblins
  5 hobgoblins
  9 jackals
  4 quokkas
  7 ball pythons
  2 bats (D:2)
  A frilled lizard (D:3)
  4 kobolds
  5 rats
78 creatures vanquished.

Vanquished Creatures (others)
  3 withered plants (D:2)
3 creatures vanquished.

Grand Total: 81 creatures vanquished

Notes
Turn   | Place    | Note
-------+----------+-------------------------------------------
     0 | D:1      | Earthwalker the Troll Fighter began the quest for the Orb.
     0 | D:1      | Reached XP level 1. HP: 22/22 MP: 0/0
    50 | D:1      | Reached XP level 2. HP: 22/29 MP: 1/1
   215 | D:1      | Reached XP level 3. HP: 25/36 MP: 2/2
   905 | D:2      | Found a faded altar of an unknown god.
  1101 | D:2      | Reached XP level 4. HP: 44/44 MP: 3/3
  1701 | D:3      | Noticed an ogre
  1716 | D:3      | Killed an ogre
  1717 | D:3      | Reached XP level 5. HP: 13/53 MP: 4/4
  1855 | D:4      | Found a runed translucent door.
  1867 | D:5      | Entered Level 5 of the Dungeon
  1983 | D:6      | Found Juuragg's Jewellery Emporium.
  2001 | D:6      | Reached XP level 6. HP: 59/61 MP: 5/5
  2090 | D:6      | Noticed an ice beast
  2102 | D:6      | Killed an ice beast
  2125 | D:6      | Found Aloojuor's Book Shop.
  2187 | D:6      | Noticed an ice beast
  2199 | D:6      | Killed an ice beast
  2200 | D:6      | Reached XP level 7. HP: 67/68 MP: 6/6
  2247 | D:6      | Found a sparkling altar of Nemelex Xobeh.
  2626 | D:7      | HP: 2/70 [kobold/+0 club (3)]
  2626 | D:7      | Slain by a kobold brigand

Illustrated notes

Levels and vault maps discovered:
D:1:      erik_arrival_cave_to_civilisation [erik_arrival_cave_to_hall],
          layout_basic, chequers_jeans, minmay_pentomino_z4
D:2:      layout_basic, shapermc_ecumenical_altar_flowoftime,
          nicolae_concentric_dashed_squares_wild, kennysheep_pointless_box,
          roderic_lattice_a
D:3:      minmay_chambers_of_twos, layout_rooms, serial_corexii_hall,
          corexii_hall_statues_l, chequers_hall_statues_y, chequers_arboretum,
          fountainhead
D:4:      cheibrodos_old_hovel, layout_rooms, ebering_ghost_reflecting_pool,
          serial_co_window_serial, co_window_paths_a, co_window_paths_b,
          co_window_paths_b, co_window_paths_a, co_window_corner_a,
          co_window_of_opportunity_a, co_window_corner_a, co_window_broadway_c,
          co_window_broadway_c, co_window_corner_b, co_window_corner_b,
          co_window_cross_2, co_window_4corner_b, glass_columns_b,
          nrook_loot_triangle
D:5:      minmay_general_purpose_star, layout_rooms,
          minmay_temple_entry_statues_fountains
D:6:      layout_rooms, lemuel_coloured_pillars_altar,
          mainiacjoe_overflow_large_starburst, serial_corexii_hall,
          chequers_hall_statues_y, corexii_hall_statues_x,
          corexii_hall_statues_l, corexii_hall_statues_x, serial_shops, shop,
          nicolae_shop_waterfront, kennysheep_mini_moat
D:7:      layout_layer_cave, xom_confusion_cloud

Skill      XL: |  1  2  3  4  5  6  7 |
---------------+----------------------+-----
Shields        | 3 4 |  4.5
Fighting       | 3 4 |  4.1
Dodging        | 3 4 |  4.1
Unarmed Combat | 3 4 |  4.4

Action                   |  1- 3 |  4- 6 |  7- 9 || total
-------------------------+-------+-------+-------++-------
Melee: Unarmed           |    97 |   118 |    53 ||   268
 Stab: Sleeping          |     2 |       |       ||     2
Armor: Robe              |    21 |    28 |    29 ||    78
Dodge: Dodged            |    28 |    37 |    47 ||   112
Block: Kite shield       |    29 |    37 |    35 ||   101
